 Dungeon Crawl Stone Soup version 0.30-a0-4-ga7cffc901d (webtiles) character file.

Game seed: 13588680814696635950

8785 SensoryNuts the Cruncher (level 11, -6/94 HPs)
             Began as a Ghoul Fighter on Aug 21, 2022.
             Was a High Priest of Sif Muna.
             Mangled by Snorg (8 damage)
             ... on level 11 of the Dungeon.
             The game lasted 00:30:59 (12044 turns).

SensoryNuts the Cruncher (Ghoul Fighter)           Turns: 12044, Time: 00:30:59

Health: -6/94      AC: 19    Str: 25    XL:     11   Next: 36%
Magic:  0/10       EV:  8    Int:  6    God:    Sif Muna [*****.]
Gold:   709        SH:  0    Dex:  8    Spells: 10/10 levels left

rFire   . . .      SeeInvis .    g - +5 quarterstaff (chaos)
rCold   + . .      Faith    .    (shield currently unavailable)
rNeg    + + +      Spirit   +    y - +1 plate armour
rPois   ∞          Reflect  .    c - +2 helmet {Int+3}
rElec   .          Harm     .    d - scarf {shadows}
rCorr   .          Rampage  .    (no gloves)
Will    .....                    f - +0 pair of boots
Stlth   ..........               o - amulet "Odauruet" {Spirit Slay+2}
HPRegen 0.00/turn                (no ring)
MPRegen 0.12/turn                (no ring)

@: inhibited regen
A: claws 1, cold resistance 1, negative energy resistance 3, inhibited
regeneration, torment resistance 2, devour on kill
a: Renounce Religion, Channel Magic, Forget Spell, Divine Exegesis


You were on level 11 of the Dungeon.
You worshipped Sif Muna.
Sif Muna was extremely pleased with you.
You visited 2 branches of the dungeon, and saw 12 of its levels.

You collected 709 gold pieces.

Inventory:

Hand Weapons
 g - a +5 quarterstaff of chaos (weapon)
Missiles
 A - 2 throwing nets (quivered)
Armour
 c - a +2 helmet of intelligence (worn)
 d - a scarf of shadows (worn)
 f - a +0 pair of boots (worn)
 y - a +1 plate armour (worn)
Jewellery
 e - an amulet of the acrobat
 h - an amulet of reflection
 i - a ring of fire
 m - an amulet of regeneration
 o - the amulet "Odauruet" (around neck) {Spirit Slay+2}
   (You acquired it on level 10 of the Dungeon)

   [amulet of guardian spirit]

   It causes incoming damage to be divided between your reserves of health and
   magic.
   Slay:      It affects your accuracy & damage with ranged weapons and melee
   (+2).
Wands
 b - a wand of digging (3)
 l - a wand of acid (8)
 q - a wand of flame (5)
 u - a wand of charming (10)
Scrolls
 k - 2 scrolls of butterflies
 n - 2 scrolls of amnesia
 r - a scroll of enchant armour
 s - a scroll of brand weapon
Potions
 a - a potion of brilliance
 j - 3 potions of mutation


   Skills:
 + Level 7.8 Fighting
 * Level 11.3 Staves
 + Level 7.7 Armour
 + Level 2.5 Dodging
 + Level 2.5 Stealth
 + Level 4.6 Shields
 - Level 4.3 Unarmed Combat


You had 10 spell levels left.
You didn't know any spells.
Your spell library contained the following spells:

 Spells                   Type           Power      Damage    Failure   Level
 Shock                    Conj/Air       0%         1d3       99%         1
 Fireball                 Conj/Fire      0%         3d3       100%        5
 Conjure Ball Lightning   Conj/Air       0%         3x3d6     100%        6
 Fire Storm               Conj/Fire      0%         5d1       100%        9


Dungeon Overview and Level Annotations

Branches:
Dungeon (11/15)            Temple (0/1) D:6            Lair (1/5) D:9
    Orc: D:9-12

Altars:
Cheibriados
Hepliaklqana
Nemelex Xobeh
Okawaru
Sif Muna

Annotations:
D:9 exclusion: ice statue
D:10 2 runed translucent doors, SensoryNuts's ghost, journeyman GrFi
D:11 Snorg


Innate Abilities, Weirdness & Mutations

You are immune to poison.
You have sharp fingernails.
Your flesh is cold resistant. (rC+)
You are immune to negative energy. (rN+++)
You do not regenerate when monsters are visible.
You are immune to unholy pain and torment.
You thrive by killing the living.


Message History

You barely miss Snorg.
Snorg is lightly wounded.
Snorg bites you. Snorg claws you but does no damage. Snorg claws you.
You miss Snorg.
Snorg is lightly wounded.
Snorg bites you but does no damage. Snorg claws you but does no damage.
Snorg claws you!
Okay, then.
You sock Snorg!
Nothing appears to happen.
Snorg is lightly wounded.
Snorg bites you but does no damage. Snorg claws you but does no damage. x2
You thump Snorg!
Snorg is moderately wounded.
Snorg misses you. Snorg claws you but does no damage. Snorg closely misses you.
You thump Snorg! You freeze Snorg.
Snorg is heavily wounded.
Snorg bites you but does no damage. Snorg claws you but does no damage. x2
You sock Snorg!
You feel better.
Snorg is heavily wounded.
Snorg bites you! Snorg completely misses you.
Snorg claws you but does no damage.
You closely miss Snorg.
Snorg is heavily wounded.
Snorg bites you! Snorg claws you but does no damage. x2
You completely miss Snorg.
Snorg is heavily wounded.
Snorg barely misses you. x2; Snorg claws you but does no damage.
You miss Snorg.
Snorg is heavily wounded.
Snorg closely misses you. Snorg claws you. Snorg claws you but does no damage.
You closely miss Snorg.
Snorg is heavily wounded.
Snorg closely misses you. Snorg claws you but does no damage. Snorg claws you!
* * * LOW HITPOINT WARNING * * *
You sock Snorg! You freeze Snorg.
Snorg is heavily wounded.
Snorg bites you!!
* * * LOW HITPOINT WARNING * * *
Snorg claws you!
You die...

......##.#
#......#
########.#
#......# # #.#
......# .
#..### #.....#
.... #...[.#
...##.....#
..........#
...#......#####
##@##.......
#.T..#####.
....#...## #.#
....##...###.#
....##.#...#.#
#....##.###.#.#
#....##.# #.#.#
#.. #.#.#######
### #..........


You could see Snorg (berserk, agile, poisoned).

Vanquished Creatures
  A two-headed ogre (D:10)
  A manticore (D:8)
  Joseph (D:9)
  A gargoyle (D:9)
  3 unseen horrors
  A komodo dragon (Lair:1)
  3 trolls
  Sigmund (D:4)
  A wraith (D:7)
  2 wyverns
  A basilisk (Lair:1)
  3 wargs
  A water moccasin (D:9)
  12 orc warriors
  A black bear (D:5)
  A sky beast (D:6)
  4 centaurs
  A wolf (Lair:1)
  A phantom (D:5)
  3 kobold brigands
  5 bullfrogs
  3 gnoll sergeants
  4 scorpions
  2 necrophages (D:5)
  4 wights (D:7)
  3 howler monkeys (D:9)
  A hound (D:5)
  4 jellies
  4 orc priests
  Crazy Yiuf (D:3)
  2 gnoll boudas
  5 iguanas
  Natasha (twice) (D:4)
  8 orc wizards
  25 gnolls
  5 adders
  3 white imps (D:6)
  An ufetubus (D:5)
  5 worms
  2 dart slugs
  49 orcs
  9 endoplasms
  5 giant cockroaches
  4 goblins
  11 hobgoblins
  18 kobolds
  2 quokkas
  9 ball pythons
  5 bats
  3 frilled lizards
  4 rats
251 creatures vanquished.

Vanquished Creatures (others)
  A dart slug zombie (D:4)
  An orc zombie (D:11)
  A fungus (Lair:1)
3 creatures vanquished.

Grand Total: 254 creatures vanquished

Notes
Turn   | Place    | Note
-------+----------+-------------------------------------------
     0 | D:1      | SensoryNuts the Ghoul Fighter began the quest for the Orb.
     0 | D:1      | Reached XP level 1. HP: 19/19 MP: 0/0
   164 | D:1      | Reached XP level 2. HP: 26/26 MP: 1/1
   511 | D:1      | Reached XP level 3. HP: 31/31 MP: 2/2
   547 | D:1      | Found a faded altar of an unknown god.
   574 | D:1      | Got Plato's Exposition on the Impact
   620 | D:1      | Prayed at the altar of an unknown god.
   620 | D:1      | Became a worshipper of Sif Muna the Loreminder
   620 | D:1      | Reached * piety under Sif Muna
  1287 | D:1      | Reached XP level 4. HP: 32/40 MP: 3/3
  2019 | D:3      | Reached ** piety under Sif Muna
  2106 | D:3      | Found a runed translucent door.
  2111 | D:3      | Noticed Crazy Yiuf
  2302 | D:3      | Reached XP level 5. HP: 46/46 MP: 4/4
  2898 | D:3      | Killed Crazy Yiuf
  3002 | D:4      | Noticed Sigmund
  3127 | D:4      | Found a shimmering blue altar of Sif Muna.
  3129 | D:4      | Found a snail-covered altar of Cheibriados.
  3130 | D:4      | Noticed Natasha
  3135 | D:4      | Killed Natasha
  3136 | D:4      | Reached skill level 1 in Staves
  3136 | D:4      | Reached XP level 6. HP: 50/52 MP: 5/5
  3204 | D:4      | Reached skill level 1 in Dodging
  3419 | D:4      | Noticed Natasha
  3422 | D:4      | Killed Natasha
  3561 | D:4      | Killed Sigmund
  3562 | D:4      | Reached skill level 2 in Staves
  3562 | D:4      | Reached XP level 7. HP: 26/59 MP: 6/6
  3825 | D:5      | Entered Level 5 of the Dungeon
  3828 | D:5      | Reached skill level 3 in Staves
  3861 | D:5      | Reached *** piety under Sif Muna
  3868 | D:5      | Reached skill level 4 in Staves
  3986 | D:5      | Reached XP level 8. HP: 63/67 MP: 7/7
  4160 | D:5      | Reached skill level 5 in Staves
  4563 | D:6      | Found a staircase to the Ecumenical Temple.
  5271 | D:6      | Reached skill level 5 in Fighting
  5622 | D:7      | Reached skill level 6 in Staves
  5626 | D:7      | Reached skill level 1 in Stealth
  5847 | D:6      | Reached XP level 9. HP: 60/74 MP: 8/8
  5898 | D:6      | Reached skill level 5 in Armour
  6338 | D:7      | Reached **** piety under Sif Muna
  6339 | D:7      | Reached skill level 7 in Staves
  6891 | D:8      | Noticed a manticore
  6898 | D:8      | Killed a manticore
  6899 | D:8      | Reached skill level 8 in Staves
  7432 | D:8      | Killed an unseen horror
  7746 | D:8      | Identified the +7 long sword "Nemu Myi" {vorpal, rF+}
  7813 | D:8      | Got the Papyrus of the Storm and Fire
  8092 | D:9      | Noticed a gargoyle
  8166 | D:9      | Noticed a troll
  8175 | D:9      | Killed a troll
  8176 | D:9      | Reached XP level 10. HP: 68/84 MP: 9/9
  8245 | D:8      | Reached skill level 9 in Staves
  8453 | D:9      | Noticed an ice statue
  8524 | D:9      | Noticed Joseph
  8569 | D:9      | Killed Joseph
  8663 | D:9      | Found a large runed translucent door.
  8667 | D:9      | Found a large runed translucent door.
  8735 | D:9      | Killed a gargoyle
  8736 | D:9      | Reached skill level 10 in Staves
  8744 | D:9      | Found a staircase to the Lair.
  9232 | D:9      | Found a sparkling altar of Nemelex Xobeh.
  9235 | D:9      | Found an iron altar of Okawaru.
  9263 | Lair:1   | Entered Level 1 of the Lair of Beasts
  9364 | Lair:1   | Noticed a cane toad
  9501 | D:10     | Entered Level 10 of the Dungeon
  9510 | D:10     | Noticed a two-headed ogre
  9512 | D:10     | Identified a scroll of acquirement
  9512 | D:10     | Acquired the amulet "Odauruet" {Spirit Slay+2}
  9575 | D:10     | Killed a two-headed ogre
  9576 | D:10     | Reached XP level 11. HP: 78/92 MP: 8/10
  9764 | D:10     | Reached skill level 11 in Staves
  9856 | D:10     | Found a runed translucent door.
  9955 | D:10     | Noticed SensoryNuts's ghost (journeyman GrFi)
  9955 | D:10     | Noticed a lich
  9956 | D:10     | Noticed a necromancer
  9956 | D:10     | Noticed a centaur warrior
  9979 | D:10     | Noticed a skeletal warrior
  9979 | D:10     | Noticed a skeletal warrior
  9986 | D:10     | Noticed a skeletal warrior
 10026 | D:10     | Found a hazy altar of Hepliaklqana.
 10267 | D:10     | Found a runed translucent door.
 10271 | D:10     | Noticed a boulder beetle
 10272 | D:10     | Noticed a skeletal warrior
 11924 | D:11     | Reached ***** piety under Sif Muna
 12028 | D:11     | Noticed Snorg
 12044 | D:11     | HP: 2/94 [Snorg (24)]
 12044 | D:11     | Mangled by Snorg

Illustrated notes

Levels and vault maps discovered:
D:1:      tarquinn_simple_flora_water_c, layout_rooms,
          shapermc_ecumenical_altar_rom_forum
D:2:      layout_loops_ring
D:3:      layout_loops_ring, serial_aquarium, aquarium_bridge_square
          [aquarium_subvault_wall, aquarium_subvault_balcony,
          aquarium_subvault_bridge, aquarium_subvault_bridge],
          aquarium_window_1, aquarium_window_corner, aquarium_window_2,
          aquarium_window_2, aquarium_view_2d, aquarium_balcony_5b,
          guppyfry_early_orc_mine, uniq_crazy_yiuf_cottage
D:4:      layout_rooms, chequers_temple_overflow_minitemple, uniq_sigmund,
          uniq_natasha
D:5:      layout_cave_pools
D:6:      layout_loops_corners, minmay_temple_entry_wispy
D:7:      layout_rooms
D:8:      layout_loops_ring
D:9:      layout_cave_pools, jmf_multi_god_temple2, erik_lair_orcish_takeover,
          minivault_27, minivault_15, uniq_joseph
D:10:     layout_roguey, lemuel_tele_altar, muffindrake_ghost_dual_entry
D:11:     layout_basic, special_room [special_room_orc], uniq_snorg
Lair:1:   layout_hall_layers, special_room [special_room_bee],
          grunt_megastairs_2

Skill      XL: |  1  2  3  4  5  6  7  8  9 10 11 |
---------------+----------------------------------+-----
Shields        | 3 4 |  4.6
Armour         | 3 4 6 7 |  7.7
Unarmed Combat | 3 4 |  4.3
Staves         | 1 2 4 6 8 10 11 | 11.3
Dodging        | 1 2 |  2.5
Fighting       | 4 5 6 7 |  7.8
Stealth        | 1 2 |  2.5

Action                   |  1- 3 |  4- 6 |  7- 9 | 10-12 || total
-------------------------+-------+-------+-------+-------++-------
Melee: Unarmed           |   106 |   118 |       |       ||   224
       Quarterstaff      |       |    54 |   256 |   355 ||   665
  Use: Potion            |     4 |     3 |     3 |     6 ||    16
       Scroll            |     2 |     7 |     5 |     7 ||    21
 Stab: Confused          |       |       |     1 |       ||     1
       Petrifying        |       |       |       |     2 ||     2
Armor: Scale mail        |    49 |    74 |    72 |       ||   195
       Plate armour      |       |       |    98 |   298 ||   396
Dodge: Dodged            |    49 |    65 |   115 |   146 ||   375
Block: Buckler           |    15 |    30 |       |       ||    45
       Other             |       |    17 |    51 |       ||    68
       Reflection        |       |       |     1 |       ||     1

Table legend: (Time is in decaauts)
 A = Elapsed time spent in this place.
 B = Non-inter-level travel time spent in this place.
 C = Inter-level travel time spent in this place.
 D = Time resting spent in this place.
 E = Time spent auto-exploring this place.
 F = Levels seen in this place.
 G = Mean time per level.
                   A        B        C        D        E       F      G
               +--------+--------+--------+--------+--------+-----+--------+
         Total |  11967 |  11211 |    756 |     25 |   8979 |  12 |  997.2 |
       Dungeon |  11803 |  11053 |    750 |     23 |   8896 |  11 | 1073.0 |
          Lair |    164 |    158 |      6 |      2 |     83 |   1 |  164.0 |
               +--------+--------+--------+--------+--------+-----+--------+

Top non-repeatable levels by time:
     D:8: 1522 daAuts
    D:10: 1307 daAuts
     D:6: 1291 daAuts
     D:1: 1266 daAuts
    D:11: 1125 daAuts
     D:3: 1103 daAuts
     D:7: 1014 daAuts
     D:9: 1002 daAuts
     D:4: 762 daAuts
     D:2: 706 daAuts
     D:5: 699 daAuts
  Lair:1: 164 daAuts
